 Dungeon Crawl Stone Soup version 0.24.0-13-gcf9b319 (webtiles) character file.

Game seed: 12067328319211521161, levelgen mode: deterministic

364 Bronimir the Ogre Mage (level 6, -1/54 HPs)
             Began as an Ogre Fire Elementalist on Mar 28, 2020.
             Slain by an unseen horror (glowing shapeshifter) (4 damage)
             ... on level 4 of the Dungeon.
             The game lasted 00:10:01 (4998 turns).

Bronimir the Ogre Mage (Ogre Fire Elementalist)     Turns: 4998, Time: 00:10:01

Health: -1/54      AC:  7    Str: 15    XL:     6   Next: 67%
Magic:  12/12      EV: 10    Int: 16    God:
Gold:   107        SH:  0    Dex:  9    Spells: 3/13 levels left

rFire    . . .     SeeInvis .   a - +3 quarterstaff (chaos)
rCold    . . .     Gourm    .   (shield currently unavailable)
rNeg     + . .     Faith    .   q - +0 robe
rPois    .         Spirit   .   (helmet restricted)
rElec    .         Reflect  .   A - +0 cloak
rCorr    .         Harm     .   (gloves unavailable)
MR       .....                  (boots unavailable)
Stlth    ++........             (no amulet)
HPRegen  0.18/turn              d - +3 ring of protection
MPRegen  0.13/turn              u - ring of positive energy

@: no status effects
A: large, unfitting armour, tough skin 1
a: no special abilities


You were on level 4 of the Dungeon.
You were very hungry.

You visited 1 branch of the dungeon, and saw 4 of its levels.

You collected 121 gold pieces.
You spent 14 gold pieces at shops.

Inventory:

Hand Weapons
 a - a +3 quarterstaff of chaos (weapon)
 b - a +0 flail
 k - a +0 whip
 r - a +0 spear
 y - a +0 war axe
Missiles
 h - 132 stones
 t - 8 boomerangs (quivered)
Armour
 j - a +0 shield
 l - a +0 large shield
 q - a +0 robe (worn)
 A - a +0 cloak (worn)
Jewellery
 d - a +3 ring of protection (left hand)
 p - a +4 ring of dexterity {unknown}
 s - an uncursed ring of poison resistance
 u - a ring of positive energy (right hand)
Wands
 z - a wand of disintegration (6)
Scrolls
 e - 8 scrolls of identify {unknown}
 f - a scroll of magic mapping
 i - 5 scrolls of remove curse
 m - 2 scrolls of teleportation
 n - a scroll of fog {unknown}
 v - a scroll of fear {unknown}
Potions
 g - a potion of lignification
 o - a potion of magic
 w - a potion of heal wounds
 x - a potion of cancellation {unknown}
Comestibles
 c - 9 rations


   Skills:
 + Level 0.6 Fighting
 + Level 0.6(1.0) Axes
 + Level 0.8(1.0) Maces & Flails
 + Level 2.5 Dodging
 - Level 1.9 Stealth
 + Level 1.0 Unarmed Combat
 * Level 4.4 Spellcasting
 * Level 2.3 Conjurations
 * Level 4.1 Fire Magic


You had 3 spell levels left.
You knew the following spells:

 Your Spells              Type           Power        Failure   Level  Hunger
a - Flame Tongue          Conj/Fire      ##...        4%          1    None
b - Throw Flame           Conj/Fire      ##....       6%          2    ##.....
c - Conjure Flame         Conj/Fire      ##......     13%         3    ###....
d - Sticky Flame          Conj/Fire      ##......     38%         4    ####...

Your spell library contained the following spells:

 Spells                   Type           Power        Failure   Level  Hunger
 Inner Flame              Hex/Fire       ##......     21%         3    ###....
 Fireball                 Conj/Fire      ##........   75%         5    ######.


Dungeon Overview and Level Annotations

Branches:
Dungeon (4/15)
 Temple: D:4-7

Altars:
Kikubaaqudgha
Nemelex Xobeh
Sif Muna
Trog
Yredelemnul

Shops:
D:4 *

Annotations:
D:4 Pikel


Innate Abilities, Weirdness & Mutations

You are too large for most types of armour.
You have tough skin. (AC +1)


Message History

The anaconda is moderately wounded.
The anaconda changes into a fire dragon!
The gnoll hits you but does no damage.
You hit the fire dragon but do no damage.
The gnoll misses you. The fire dragon bites you!
* * * LOW HITPOINT WARNING * * *
The fire dragon claws you but does no damage.
The fire dragon tramples you!
* * * LOW HITPOINT WARNING * * *
You stumble backwards!
The fire dragon changes into a sea snake!
There is an open door here.
The sea snake changes into a manticore!
A jumping spider comes into view.
You are feeling very hungry.
Something hits you.
* * * LOW HITPOINT WARNING * * *
Deactivating autopickup; reactivate with Ctrl-A.
Something hits you.
You die...

#.# #...##......##.########.#
#.###..)##.........# #.#
#.#.....##.....############.#
#.#.#....................##.#
#.#.###.###.....########.##.#
####.#.#
#.###....###<......##.#
.....#.# #..##....#
##########.# ######.#
##.##....# #.....# #.#
#..###@## #)######
######.#####.###{######
#.#....#
................{.....#
#.#.##.#
.......######.##.####.#
#.#.##.# .......# #.......#.#
#.#.##.# ########
#..#.##.#.####.#.##.# ..#
#..#.##.#......#.##.# ..#
#....##.########.##.# ..#
########.#..##.########.##.#


There were no monsters in sight!

Vanquished Creatures
  A slave (D:3)
  Crazy Yiuf (D:4)
  3 orc priests
  A hound (D:3)
  A worker ant (D:4)
  8 gnolls
  3 adders (D:2)
  A worm (D:3)
  5 leopard geckos
  11 orcs
  A giant cockroach (D:2)
  8 goblins
  4 hobgoblins
  4 jackals (D:4)
  3 quokkas
  2 ball pythons
  7 bats
  8 frilled lizards
  7 kobolds
  7 rats
86 creatures vanquished.

Notes
Turn   | Place    | Note
-------+----------+-------------------------------------------
     0 | D:1      | Bronimir the Ogre Fire Elementalist began the quest for the
                  | Orb.
     0 | D:1      | Reached XP level 1. HP: 16/16 MP: 3/3
   563 | D:1      | Reached XP level 2. HP: 24/24 MP: 5/5
   635 | D:1      | Learned a level 2 spell: Throw Flame
  1098 | D:2      | Reached skill level 1 in Conjurations
  1233 | D:2      | Reached XP level 3. HP: 31/31 MP: 4/7
  1321 | D:2      | Reached XP level 4. HP: 30/39 MP: 2/9
  1325 | D:2      | HP: 1/39 [orc priest/divine providence (13)]
  1329 | D:2      | Reached skill level 1 in Unarmed Combat
  1619 | D:2      | Reached XP level 5. HP: 45/45 MP: 10/10
  1640 | D:2      | Found an ancient bone altar of Kikubaaqudgha.
  1947 | D:2      | Learned a level 3 spell: Conjure Flame
  1952 | D:2      | Learned a level 4 spell: Sticky Flame
  2484 | D:3      | Found a sparkling altar of Nemelex Xobeh.
  2485 | D:3      | Found a shimmering blue altar of Sif Muna.
  2485 | D:3      | Found a bloodstained altar of Trog.
  2486 | D:3      | Found a basalt altar of Yredelemnul.
  3499 | D:4      | Found Hygojun's General Store.
  3507 | D:4      | Bought a potion of degeneration for 14 gold pieces
  3532 | D:4      | Reached XP level 6. HP: 52/54 MP: 12/12
  3589 | D:4      | Noticed a slave
  3589 | D:4      | Noticed a slave
  3590 | D:4      | Noticed a slave
  3591 | D:4      | Noticed a slave
  3592 | D:4      | Noticed Pikel
  3943 | D:3      | Killed a slave
  4639 | D:4      | Found a runed translucent door.
  4640 | D:4      | Noticed Crazy Yiuf
  4782 | D:4      | Killed Crazy Yiuf
  4967 | D:4      | Noticed a glowing shapeshifter
  4967 | D:4      | a gnoll changed into a glowing shapeshifter
  4967 | D:4      | Noticed an eye of devastation
  4967 | D:4      | a glowing shapeshifter changed into an eye of devastation
  4973 | D:4      | Noticed an anaconda
  4973 | D:4      | an eye of devastation changed into an anaconda
  4975 | D:4      | Noticed a fire dragon
  4975 | D:4      | an anaconda changed into a fire dragon
  4977 | D:4      | Noticed a sea snake
  4977 | D:4      | a fire dragon changed into a sea snake
  4979 | D:4      | Noticed a manticore
  4979 | D:4      | a sea snake changed into a manticore
  4988 | D:4      | Noticed a jumping spider
  4997 | D:4      | HP: 2/54 [something (4)]
  4998 | D:4      | Slain by an unseen horror (glowing shapeshifter)

Levels and vault maps discovered:
D:1:      minmay_arrival_stone_box, layout_loops_ring
D:2:      layout_loops_corners, kiku_gazebo_pond_becter
D:3:      layout_basic, chequers_temple_overflow_statue_of_worship, st_stairs_9
D:4:      layout_basic, nicolae_overflow_crystal_walls, first_ration,
          serial_shops, shop, uniq_crazy_yiuf_cottage, uniq_pikel

Skill      XL: |  1  2  3  4  5  6 |
---------------+-------------------+-----
Dodging        | 2 |  2.5
Conjurations   | 1 2 |  2.3
Spellcasting   | 3 4 |  4.4
Fire Magic     | 3 4 |  4.1
Unarmed Combat | 1 |  1.0
Fighting       | |  0.6
Axes           | |  0.6
Maces & Flails | |  0.8
Stealth        | |  1.9

Action                   |  1- 3 |  4- 6 || total
-------------------------+-------+-------++-------
Melee: Unarmed           |    16 |       ||    16
       Whip              |     2 |       ||     2
       Flail             |     7 |    34 ||    41
       War axe           |       |    59 ||    59
       Quarterstaff      |       |    11 ||    11
Throw: Boomerang         |       |     1 ||     1
 Cast: Flame Tongue      |    41 |   110 ||   151
       Conjure Flame     |       |     1 ||     1
       Throw Flame       |       |     1 ||     1
  Use: Potion            |       |     8 ||     8
       Scroll            |       |     7 ||     7
 Stab: Sleeping          |     1 |     1 ||     2
       Invisible         |       |     2 ||     2
  Eat: Chunk             |     1 |    11 ||    12
Armor: Robe              |    20 |    73 ||    93
       Skin              |       |     3 ||     3
Dodge: Dodged            |    28 |   141 ||   169
